 Dungeon Crawl Stone Soup version 0.21-a0-151-ga4fe563 (webtiles) character file.

131 AverageBear the Cutter (level 4, -5/27 HPs)
             Began as a Deep Elf Fighter on July 31, 2017.
             Slain by a gnoll
             ... wielding a +0 spear
              (7 damage)
             ... on level 4 of the Dungeon.
             The game lasted 00:01:54 (2014 turns).

AverageBear the Cutter (Deep Elf Fighter)           Turns: 2014, Time: 00:01:55

Health: -5/27      AC:  7    Str: 19    XL:     4   Next: 91%
Magic:  6/6        EV:  7    Int: 13    God:
Gold:   158        SH:  9    Dex: 14    Spells: 3/3 levels left

rFire    . . .     SeeInvis .   a - +0 rapier
rCold    . . .     Gourm    .   c - +0 shield
rNeg     . . .     Faith    .   b - +0 scale mail
rPois    .         Spirit   .   (no helmet)
rElec    .         Reflect  .   (no cloak)
rCorr    .         Harm     .   (no gloves)
MR       .....                  n - +0 pair of boots
Stlth    ..........             (no amulet)
HPRegen  0.09/turn              (no ring)
MPRegen  0.10/turn              (no ring)

@: mighty
A: no striking features
a: no special abilities


You were on level 4 of the Dungeon.
You were not hungry.

You visited 1 branch of the dungeon, and saw 4 of its levels.

You collected 158 gold pieces.

Inventory:

Hand Weapons
 a - a +0 rapier (weapon)
Armour
 b - a +0 scale mail (worn)
 c - a +0 shield (worn)
 n - a +0 pair of boots (worn)
Scrolls
 h - a scroll of teleportation
 j - a scroll of magic mapping
 k - a scroll of immolation
 l - a scroll of blinking
 p - 2 scrolls of fog
 q - a scroll of recharging {unknown}
Potions
 d - a potion of might
Comestibles
 f - 2 bread rations
 g - a chunk of flesh
 i - a royal jelly
 r - a meat ration


   Skills:
 - Level 2.4 Fighting
 + Level 5.2 Short Blades
 - Level 2.4 Armour
 - Level 2.4 Shields


You had 3 spell levels left.
You didn't know any spells.

Dungeon Overview and Level Annotations

Branches:
Dungeon (4/15)
 Temple: D:4-7

Altars:
Kikubaaqudgha
Zin


Message History

You block the gnoll's attack.
You puncture the gnoll shaman!
You kill the gnoll shaman!
Your Short Blades skill increases to level 5!
You block the gnoll's attack. The gnoll closely misses you.
The gnoll hits you but does no damage. The gnoll hits you with a spear!
* * * LOW HITPOINT WARNING * * *
The gnoll hits you with a spear.
* * * LOW HITPOINT WARNING * * *
Things that are here:
a club; a robe You hit the gnoll.
The gnoll is heavily wounded.
The gnoll hits you but does no damage. You block the gnoll's attack.
The gnoll barely misses you.
You closely miss the gnoll.
The gnoll is heavily wounded.
You block the gnoll's attack. The gnoll hits you with a spear!
You die...

### ############ #.#
#..........###.####
#%.....#.#..##....######
###. #(.##)............
#.#. #.##########.#####
#...##@# #..# #...ggg#
##.### #.##.r## # ...#
#..# #. ##.## ....#
#..####>.. ##...#
##...<....# ##...
#.........# #...
#.#####.... #.o. ..
##...


You could see 3 gnolls and a quokka.

Vanquished Creatures
  A hound (D:4)
  A gnoll shaman (D:4)
  2 adders
  A worm (D:3)
  5 leopard geckos
  An orc (D:3)
  A giant cockroach (D:3)
  4 goblins
  5 hobgoblins
  4 jackals (D:2)
  A kobold (D:1)
  2 quokkas (D:2)
  7 bats
  7 frilled lizards
  3 rats
45 creatures vanquished.

Notes
Turn   | Place    | Note
-------+----------+-------------------------------------------
     0 | D:1      | AverageBear the Deep Elf Fighter began the quest for the Orb.
     0 | D:1      | Reached XP level 1. HP: 13/13 MP: 3/3
   176 | D:1      | Reached XP level 2. HP: 14/18 MP: 4/4
   356 | D:1      | Reached skill level 3 in Short Blades
   682 | D:2      | Reached XP level 3. HP: 19/22 MP: 5/5
  1317 | D:3      | Found an ancient bone altar of Kikubaaqudgha.
  1388 | D:3      | Reached skill level 4 in Short Blades
  1490 | D:3      | Found a glowing silver altar of Zin.
  1760 | D:3      | Reached XP level 4. HP: 27/27 MP: 6/6
  2011 | D:4      | Reached skill level 5 in Short Blades
  2014 | D:4      | Slain by a gnoll

Vault maps used:
D:1:      zelgadis_glass_arrival_small
D:3:      zin_scriptorium, lemuel_round_altar
D:4:      minmay_misc_feat_chi, feat_on_display, uniq_menkaure,
          uniq_crazy_yiuf_cottage

Skill      XL: |  1  2  3  4 |
---------------+-------------+-----
Short Blades   | 3 4 5 |  5.2
Fighting       | |  2.4
Armour         | |  2.4
Shields        | |  2.4

Action                   |  1- 3 |  4- 6 || total
-------------------------+-------+-------++-------
Melee: Rapier            |   157 |    21 ||   178
  Use: Scroll            |     3 |     4 ||     7
       Potion            |       |     2 ||     2
  Eat: Chunk             |     3 |     1 ||     4
Armor: Scale mail        |    92 |    12 ||   104
Dodge: Dodged            |    33 |    10 ||    43
Block: Shield            |    80 |    19 ||    99
